woodfighter, chaotic female orcish Cavewoman -- -- --- |.----.- ---.-- |.......-------....| -.........|......-- ----- -..h..-.........--- --...| -GG.G.............---....-- |..@....................--- |.G.%.....................------ -----.............---......||<.| |...)%........| |.....--|..-- --...........----...--- --..| | ---...........---....| --.-- |.........................--- |..| -- ----.....--...-----.|...--|-.| --.-------.- -----..--..| --- |.. |......| --- --.....| --....| |.....| --.---- --- woodfighter the Cave Teen Experience level: 3 Strength: 17 Dexterity: 17 Constitution: 17 Intelligence: 8 Wisdom: 7 Charisma: 8 Health: 0(32) Energy: 9(9) Def: 2 Gold: 68 Moves: 708 Dungeon seed: YVySX9VbV603DV2q Game ID: woodfighter_1476700384 Your Inventory: Coins $ - 68 gold pieces Weapons a - a +1 club (weapon in hand) b - a +2 sling (alternate weapon; not wielded) Armor n - a cursed -1 pair of fumble boots q - an uncursed +0 leather armor (being worn) r - an uncursed +0 alchemy smock Comestibles c - 2 uncursed tripe rations d - an uncursed fortune cookie g - 3 uncursed food rations Scrolls f - a cursed scroll of confuse monster m - a cursed scroll of identify Potions i - an uncursed potion of invisibility k - a cursed potion of booze Wands j - a wand of light (0:11) Tools h - a magic marker (0:46) l - a cursed magic lamp Gems e - 8 uncursed flints (in quiver) Spells and supernatural/magical abilities: Name Level Category Fail Memory W - pray for help -- divine ? -- Your skills at the end: Miscellaneous Skills bare handed combat [Basic] Weapon Skills scimitar [Basic] club [Basic] sling [Basic] Spellcasting Skills Final Attributes: You were piously aligned. You were poison resistant. You had infravision. You were very stealthy. You were lucky. You are dead. Vanquished creatures: a gnome lord 5 gnomes 2 jackals a kobold a newt a sewer rat 2 grid bugs 4 lichens a kobold zombie 18 creatures vanquished. Voluntary challenges: You did not adorn yourself with jewelry or accessories. You did not cause conflict. You were not invisible. You did not have reflection. You were not displaced. You were an atheist. You used a wielded weapon 23 times, starting on turn 3. You did not use tools. You did not use plumbed fixtures. You did not drink any magical draughts. You were illiterate. You never genocided any monsters. You never polymorphed an object. You never changed form. You used no wishes. You never split a pudding. You never wrote Elbereth's name. You never violated your personal moral code. Dungeon overview: The Dungeons of Doom: levels 1 to 3 Level 1 (wv) a fountain a long staircase Level 2 stairs to The Gnomish Mines Level 3 The Gnomish Mines: Level 3 <- You were here stairs to The Dungeons of Doom History has recorded: On T:1 you entered the Dungeons of Doom to retrieve the Amulet of Yendor! On T:227 you reached level 2 of The Dungeons of Doom. On T:494 you reached level 3 of The Dungeons of Doom. On T:552 you advanced to experience level 2. On T:556 you reached level 1 of The Gnomish Mines. On T:690 you advanced to experience level 3. Score breakdown: Gold: 68 ( 6 points) Experience: 3 levels ( 200 points) Exploration: 3 levels ( 60 points) Discoveries: 9 items ( 450 points) Variety of kills: 9 monsters ( 450 points) Major goal: (nothing yet) ( 0 points) Survival: died (score multiplied by 3) Total score: 3498 Latest messages: You kill the gnome! The gnome lord punches you! You hit the gnome lord! You hit the gnome lord. The gnome lord punches you! You kill the gnome lord! Welcome to experience level 3. You see here a gnome lord corpse. You see here a thonged club. You kill the gnome! There are a few objects here. The gnome punches you! You kill the gnome! (2x) m - a labeled NR 9. You kill the gnome! You hit the gnome king. (2x) The gnome king hurls a purple-red potion! The flask crashes on your head and breaks into shards. You feel rather tired. Something stabs you! (2x) Something punches you! The combat suddenly awakens you. You hit the gnome king! The gnome king thrusts one of his daggers at the cavewoman. The gnome king stabs you! The gnome lord punches you! You die... Final status: Goodbye woodfighter the Cavewoman, killed by a gnome lord... You died in The Gnomish Mines on dungeon level 3 with 3498 points, and 68 pieces of gold, after 708 moves. You were level 3 with a maximum of 32 hit points when you died.